[Event "Mitropa Cup Open 2024"]
[Site "Apolda"]
[Date "2024.02.23"]
[Round "9.9"]
[White "Baidetskyi, Valentin"]
[Black "Plenca, Jadranko"]
[Result "1/2-1/2"]
[ECO "C45"]
[WhiteElo "2499"]
[BlackElo "2429"]
[Annotator "TA"]
[PlyCount "63"]
[EventDate "2024.02.15"]
[EventType "team-tourn"]
[EventCountry "GER"]
[SourceTitle "playchess.com"]
[Source "ChessBase"]
[SourceQuality "1"]
[WhiteTeam "Austria"]
[BlackTeam "Croatia"]
[WhiteTeamCountry "AUT"]
[BlackTeamCountry "CRO"]
[TimeControl "40/5400+30:1800+30"]

1. e4 e5 2. Nf3 Nc6 3. d4 exd4 4. Nxd4 Nf6 5. Nxc6 bxc6 6. Nd2 d5 7. exd5 cxd5 8. Bb5+ Bd7 9. Bxd7+ Qxd7 10. O-O Be7 11. b3 O-O 12. Bb2 Rad8 13. Re1 Rfe8 14. Qf3 Qg4 15. Qd3 (15. Re2 {simplifies} Qxf3 16. Nxf3 Ne4 17. Rae1) 15... Qg6 16. Nf3 (16. Qxg6 {simplifies} hxg6 17. Rad1 c6 18. Nf3) 16... Ne4 17. Re2 Bc5 18. Rae1 h6 (18... Qb6 {simplifies} 19. Bd4 Bxd4 20. Nxd4 g6) 19. Nd4 Bb6 20. b4 c5 21. bxc5 Bxc5 22. Nb3 {[%emt 0:02:28] [#] Nxc5 is the strong threat.} Bb6 23. a4 a6 24. a5 {[%emt 0:02:12] The position is equal.} Ba7 25. Bd4 Bxd4 26. Nxd4 Qd6 27. f3 Nf6 28. Rxe8+ Rxe8 29. Rxe8+ Nxe8 30. Qe3 Nc7 31. Nb3 {[%emt 0:02:19] Wards off Qc5} Qc6 32. Qd3 {[%emt 0:00:54] A balanced but interesting game.   Weighted Error Value: White=0.04 (flawless) /Black=0.05 (flawless) .  Inaccurate:     	White=1     	Black=1      OK:         	White=11    	Black=11     Best:        	---       	Black=1} 1/2-1/2

[Event "Mitropa Cup Open 2024"]
[Site "Apolda"]
[Date "2024.02.23"]
[Round "9.10"]
[White "Ivekovic, Bozidar"]
[Black "Peyrer, Konstantin"]
[Result "0-1"]
[ECO "C24"]
[WhiteElo "2399"]
[BlackElo "2439"]
[Annotator "RC"]
[PlyCount "98"]
[EventDate "2024.02.15"]
[EventType "team-tourn"]
[EventCountry "GER"]
[SourceTitle "playchess.com"]
[Source "ChessBase"]
[SourceQuality "1"]
[WhiteTeam "Croatia"]
[BlackTeam "Austria"]
[WhiteTeamCountry "CRO"]
[BlackTeamCountry "AUT"]
[TimeControl "40/5400+30:1800+30"]

1. e4 e5 2. Nf3 Nc6 3. Bc4 Nf6 4. d3 d5 5. exd5 Nxd5 6. O-O Nb6 7. Bb5 Bd6 8. Nxe5 Bxe5 9. Bxc6+ bxc6 10. Re1 Qe7 11. d4 Bxh2+ 12. Kxh2 Be6 13. b3 O-O-O 14. c4 Qf6 15. Qf3 Qxf3 16. gxf3 Rxd4 17. Be3 Rd3 18. Nd2 Nd7 19. Ne4 h6 20. Rad1 Rxd1 21. Rxd1 a6 22. Bd4 Rg8 23. Rg1 g6 24. Nf6 Rd8 25. Nxd7 Rxd7 26. Be3 h5 27. Rc1 h4 28. Bg5 h3 29. Be3 Rd3 30. Kg3 a5 31. Kh2 Kb7 32. Kg3 Bf5 33. Kh2 c5 34. Bxc5 Rxf3 35. Be3 g5 36. Rg1 g4 37. Rg3 Rxg3 38. Kxg3 Bb1 39. a3 Ba2 40. b4 Bxc4 41. Bf4 Be2 42. Kh4 a4 43. Kg5 Kc6 44. Kf5 Kd5 45. Bxc7 Kc4 46. Bd6 Kb3 47. Kg5 Kxa3 48. b5+ Kb3 49. b6 Bf3 0-1

[Event "Mitropa Cup Open 2024"]
[Site "Apolda"]
[Date "2024.02.23"]
[Round "9.11"]
[White "Morgunov, Marc"]
[Black "Tomulic, Teo"]
[Result "1-0"]
[ECO "B12"]
[WhiteElo "2368"]
[BlackElo "2386"]
[Annotator "TA"]
[PlyCount "75"]
[EventDate "2024.02.15"]
[EventType "team-tourn"]
[EventCountry "GER"]
[SourceTitle "playchess.com"]
[Source "ChessBase"]
[SourceQuality "1"]
[WhiteTeam "Austria"]
[BlackTeam "Croatia"]
[WhiteTeamCountry "AUT"]
[BlackTeamCountry "CRO"]
[TimeControl "40/5400+30:1800+30"]

1. e4 c6 2. d4 d5 3. e5 Bf5 4. Nf3 e6 5. Be2 Ne7 6. O-O h6 7. a4 Bh7 8. b4 Nd7 9. Nbd2 ({White should play} 9. a5 $14) 9... Ng6 $11 10. c3 Nf4 11. Nb3 Nxe2+ 12. Qxe2 Be7 13. Ba3 Rc8 14. Nfd2 O-O 15. Rfc1 Re8 16. a5 b5 17. axb6 axb6 18. b5 c5 19. c4 Ra8 20. cxd5 (20. Bb2 $11) 20... exd5 $17 21. e6 ({Better is} 21. Qf3) 21... Nf6 $2 {[%emt 0:02:56] [#]} (21... fxe6 $17 {White must now prevent ...Bf6.} 22. dxc5 Bxc5 23. Bxc5 Rxa1 24. Rxa1 bxc5 (24... Nxc5 25. Qe3 $17)) 22. dxc5 $11 bxc5 {[%emt 0:01:24] White leaves nothing to chance now.} (22... Bg6 $11 {keeps the balance.}) 23. Bxc5 $16 Rxa1 24. Rxa1 Bxc5 25. Nxc5 fxe6 {[%emt 0:00:06] [#]} 26. Ra6 {[%emt 0:00:53] Dodges Qd6} (26. Nxe6 $2 {loses.} Qd7 27. Nf3 Qxe6 $19 (27... Rxe6 $2 28. Qb2 $19)) 26... e5 $2 (26... Ne4 {was called for.}) 27. b6 $18 Nd7 28. Qb5 Nb8 29. Ra8 {[%emt 0:02:35] Threatens to win with Na6.} Bg6 30. Na6 {[%emt 0:03:45] Excellent horsemanship.} Qg5 31. Nf1 (31. Rxb8 Rxb8 32. Nxb8 Qxd2 $11) 31... Nxa6 32. Rxe8+ (32. Qxd5+ Kh7 33. Rxa6 Rd8 $14) (32. Qxa6 $142 Rxa8 33. Qxa8+ Kh7 34. h4 (34. Qxd5 Qg4 $18) 34... Qxh4 35. b7 (35. Qxd5 Qe4 $18)) 32... Bxe8 33. Qxe8+ {[%emt 0:00:03] KQN-KQN} Kh7 34. Qc8 Nb4 35. b7 Na6 36. b8=Q Nxb8 37. Qxb8 e4 38. Qd6 {[%emt 0:00:20] Weighted Error Value: White=0.50/Black=0.47.  Mistake:       	White=3     	Black=3      Inaccurate:     	White=2     	Black=2      OK:         	White=11    	Black=11     Best:        	White=2     	Black=1} 1-0

[Event "Mitropa Cup Open 2024"]
[Site "Apolda"]
[Date "2024.02.23"]
[Round "9.12"]
[White "Novosel, Lovro"]
[Black "Dotzer, Lukas"]
[Result "0-1"]
[ECO "D47"]
[WhiteElo "2373"]
[BlackElo "2335"]
[Annotator "TA"]
[PlyCount "78"]
[EventDate "2024.02.15"]
[EventType "team-tourn"]
[EventCountry "GER"]
[SourceTitle "playchess.com"]
[Source "ChessBase"]
[SourceQuality "1"]
[WhiteTeam "Croatia"]
[BlackTeam "Austria"]
[WhiteTeamCountry "CRO"]
[BlackTeamCountry "AUT"]
[TimeControl "40/5400+30:1800+30"]

1. c4 Nf6 2. Nc3 e6 3. Nf3 d5 4. d4 c6 5. e3 Nbd7 6. Be2 dxc4 7. Bxc4 b5 8. Be2 Bb7 9. O-O Be7 10. b3 O-O 11. Bb2 a6 12. a4 {[%emt 0:06:53] Die Stellung ist ausgeglichen.} b4 13. Nb1 Ne4 14. Nbd2 Ndf6 15. Rc1 Rc8 16. Nxe4 Nxe4 17. Nd2 Nxd2 18. Qxd2 c5 19. Rfd1 cxd4 20. Bxd4 Qa5 21. Rxc8 Rxc8 22. Rc1 Rd8 $40 {[%emt 0:06:09][%mdl 128] ...e5 ist eine echte Drohung. Schwarz hat was vor.} 23. Qc2 Bf6 24. Qc5 Qxc5 25. Bxc5 (25. Rxc5 $11 Bd5 (25... Bxd4 26. exd4 g6 27. Rc7 $14) 26. Bd1 (26. Bxa6 Bxd4 27. exd4 Bxb3 $11)) 25... Rc8 $1 $15 26. Rc4 Bd5 27. Bxb4 ({Nicht} 27. Rxb4 $2 Bc3 28. Rb6 Ba5 $19) 27... Bxc4 28. Bxc4 {[%emt 0:00:01][%mdl 4096] Endspiel. KRB-KB} Rb8 29. Bc5 a5 30. Kf1 Bc3 31. Ke2 Rd8 32. Bd3 f5 33. h3 Kf7 34. g4 {[%emt 0:00:09] [#]} ({Günstiger ist} 34. Ba3) 34... fxg4 $1 $17 35. hxg4 {[%emt 0:00:01][%cal Of2f4] [#]} g6 $1 36. f4 h5 37. g5 (37. gxh5 gxh5 38. Bc4) 37... h4 $19 {[%emt 0:00:36][%cal Od8d3] Und jetzt ...Rxd3! wäre schön.} 38. e4 $2 (38. Be4) 38... Bd4 39. Bxd4 Rxd4 {[%emt 0:00:06] Gewichteter Fehlerwert: Weiß=0.33/Schwarz=0.02 (makellos) .  Fehler:       	Weiß=4     	---        Ungenau:       	Weiß=1     	Schwarz=1     OK:         	Weiß=11    	Schwarz=14    Bester:       	Weiß=2     	Schwarz=3     Stark:        	---       	Schwarz=3} 0-1

[Event "Mitropa Cup Open 2024"]
[Site "Apolda"]
[Date "2024.02.23"]
[Round "9.13"]
[White "Georgiadis, Nico"]
[Black "Sahidi, Samir"]
[Result "1/2-1/2"]
[ECO "B90"]
[WhiteElo "2547"]
[BlackElo "2478"]
[Annotator "TA"]
[PlyCount "109"]
[EventDate "2024.02.15"]
[EventType "team-tourn"]
[EventCountry "GER"]
[SourceTitle "playchess.com"]
[Source "ChessBase"]
[SourceQuality "1"]
[WhiteTeam "Switzerland"]
[BlackTeam "Slovakia"]
[WhiteTeamCountry "SUI"]
[BlackTeamCountry "SVK"]
[TimeControl "40/5400+30:1800+30"]

1. e4 c5 2. Nf3 d6 3. d4 cxd4 4. Nxd4 Nf6 5. Nc3 a6 6. h3 e5 7. Nde2 h5 8. g3 Be7 9. Bg2 Be6 {[%emt 0:04:29] White is slightly better.} 10. Be3 Nbd7 11. O-O b5 12. a4 b4 13. Nd5 Bxd5 14. exd5 Qc7 15. Qd2 O-O 16. c3 bxc3 17. Nxc3 Nc5 18. Ra3 {[%emt 0:00:53] Prevents Nb3} Rab8 (18... Rfb8 $11) 19. Qc2 (19. b4 $1 $16 Rxb4 20. Nb5 Rxb5 (20... Qa5 $2 21. Na7 $18) 21. axb5 axb5 22. Rfa1) 19... Rb7 20. Na2 a5 21. Nc3 Rc8 (21... Na6 $11 {remains equal.}) 22. Nb5 $16 Qd8 23. Rc3 Nfd7 24. h4 g6 25. b3 f5 26. Rc1 Bf8 27. Qd2 Qf6 28. Bg5 Qf7 29. Qd1 Re8 30. Bf1 Kh7 31. Be2 Nf6 {[%emt 0:02:06] [#]} 32. Rxc5 $1 dxc5 33. d6 Ne4 34. Bc4 {[%emt 0:00:31] This pair of bishops is nice.} Qg7 35. Bd5 {[%emt 0:01:50] Chess con chili.} Nxg5 $1 36. Bxb7 Ne6 ({Better is} 36... Nh3+ $14 37. Kg2 Qxb7+ 38. Kxh3 Qc6) 37. Bc6 $2 {[%emt 0:00:33] Black is weak on the light squares} ({Only move:} 37. Qd5 $18) 37... Rd8 $14 38. d7 e4 {[%emt 0:00:43] [#]} 39. Qd5 $1 Qf6 40. Rd1 $36 {[%emt 0:00:26][%mdl 2048] White has strong initiative.} Kg7 41. Qc4 {[%emt 0:09:27] Nd6 is the strong threat.} Kh7 42. Kg2 {[%emt 0:08:24] White has more active pieces.} Be7 43. Nc3 Nd4 44. Bb5 Bf8 (44... Kh6 $14) 45. Nd5 $16 Qe6 46. Rxd4 (46. Nf4 $16 Qxc4 47. bxc4) 46... cxd4 $14 47. Qxd4 Bg7 {[%emt 0:00:58] [#] Inhibits Nf6+.} (47... Bd6 $14) 48. Qd2 ({White should play} 48. Qc4 $1 $16) 48... Qd6 $11 {[%emt 0:03:58] Prevents Nf4. The position is equal.} 49. Qxa5 Qxd5 50. Qxd8 {[%emt 0:00:04] Bc4 would kill now. KQB-KQB} e3+ 51. Kh2 {[%emt 0:01:13] Hoping for Bc4.} Qf3 52. Qe7 Qxf2+ 53. Kh1 Qf3+ 54. Kh2 Qf2+ 55. Kh1 {[%emt 0:00:03] Weighted Error Value: White=0.22 (precise) /Black=0.21 (precise) .  Loses game:     	---       	Black=1      Missed win:     	White=1     	---        Mistake:       	White=3     	Black=4      Inaccurate:     	White=4     	Black=3      OK:         	White=21    	Black=16     Best:        	White=2     	Black=6      Strong:       	White=1     	Black=1} 1/2-1/2

[Event "Mitropa Cup Open 2024"]
[Site "Apolda"]
[Date "2024.02.23"]
[Round "9.14"]
[White "Haring, Filip"]
[Black "Baenziger, Fabian"]
[Result "0-1"]
[ECO "C17"]
[WhiteElo "2432"]
[BlackElo "2414"]
[Annotator "TA"]
[PlyCount "86"]
[EventDate "2024.02.15"]
[EventType "team-tourn"]
[EventCountry "GER"]
[SourceTitle "playchess.com"]
[Source "ChessBase"]
[SourceQuality "1"]
[WhiteTeam "Slovakia"]
[BlackTeam "Switzerland"]
[WhiteTeamCountry "SVK"]
[BlackTeamCountry "SUI"]
[TimeControl "40/5400+30:1800+30"]

1. e4 e6 2. d4 d5 3. Nc3 Bb4 4. e5 c5 5. Bd2 Ne7 6. Nb5 Bxd2+ 7. Qxd2 O-O 8. dxc5 Nd7 9. f4 Nxc5 10. O-O-O Ne4 11. Qe1 Qb6 12. Nd4 {[%emt 0:00:45] The position is equal.} Nc6 13. Ngf3 Bd7 14. a3 {[%emt 0:04:58] Against Nb4} (14. Bd3 $11) 14... Rac8 $17 15. h4 Na5 16. Bd3 Nc4 {[%emt 0:07:02] Black is more active.} 17. Bxc4 Rxc4 $40 {[%emt 0:00:10][%mdl 128] Black has some attack.} 18. b3 {[%emt 0:07:51] Inhibits Ba4.} Rc5 19. h5 Rfc8 20. Rh3 $2 {[%emt 0:04:53] [#]} ({Only move:} 20. Kb2 $1 $15) 20... a5 (20... Qc7 $1 $19 {[%cal Rc5c2] and Black stays clearly on top. White must now prevent ...Rxc2+.} 21. Rd2 Qa5) 21. Kb2 a4 {[%emt 0:01:02][%cal Oc5c2] ...Rxc2+! is the strong threat.} 22. Qb4 $2 (22. b4 $17 {is the only way for White.}) 22... Qc7 $19 {[%emt 0:00:57][%cal Rc5c2] ( -> ...Rxc2+)} 23. Ne1 (23. Rc1 $142) 23... Nf2 24. Rd2 Nxh3 25. gxh3 h6 26. Rg2 Be8 (26... Rc3 $142 27. Nef3 axb3) 27. Qd2 axb3 28. cxb3 Rc3 29. Nec2 Rxh3 30. Rxg7+ Kxg7 31. Qg2+ Kf8 32. Qxh3 Qe7 33. a4 (33. Qg4 $17) 33... Ra8 34. Qg3 Bd7 35. Qd3 Kg8 {[%emt 0:00:21] Prevents Qh7+.} 36. Ne3 $2 {[%emt 0:00:40] [#]} (36. Qg3+ $17 Kh8 37. Qc3) 36... Qh4 37. f5 Qxh5 38. Qd2 Qg5 ({Not} 38... exf5 39. Nxd5 Qg5 40. Nf6+ Kg7 41. Qd3 $17 (41. Qxg5+ $2 hxg5 42. Nxd7 Kg6 $19)) 39. Qf2 Rc8 40. a5 exf5 41. Nxd5 Qc1+ 42. Ka2 Rc5 43. b4 Qc4+ {[%emt 0:00:20] Weighted Error Value: White=0.58/Black=0.27 (precise) .  Loses game:     	White=3     	---        Mistake:       	White=3     	Black=2      Inaccurate:     	White=4     	Black=2      OK:         	White=7     	Black=14     Best:        	White=3     	Black=3} (43... Rxd5 $2 44. Qg2+ Kh7 45. Qxd5 Qd2+ 46. Kb1 Qxb4+ 47. Kc2 $19) 0-1

[Event "Mitropa Cup Open 2024"]
[Site "Apolda"]
[Date "2024.02.23"]
[Round "9.15"]
[White "Fecker, Noah"]
[Black "Turcan, Richard"]
[Result "0-1"]
[ECO "B67"]
[WhiteElo "2397"]
[BlackElo "2393"]
[Annotator "TA"]
[PlyCount "76"]
[EventDate "2024.02.15"]
[EventType "team-tourn"]
[EventCountry "GER"]
[SourceTitle "playchess.com"]
[Source "ChessBase"]
[SourceQuality "1"]
[WhiteTeam "Switzerland"]
[BlackTeam "Slovakia"]
[WhiteTeamCountry "SUI"]
[BlackTeamCountry "SVK"]
[TimeControl "40/5400+30:1800+30"]

1. e4 c5 2. Nf3 Nc6 3. d4 cxd4 4. Nxd4 Nf6 5. Nc3 d6 6. Bg5 e6 7. Qd2 a6 8. O-O-O Bd7 9. Kb1 Be7 10. Nxc6 Bxc6 11. f3 Qc7 12. h4 h5 13. Ne2 b5 14. Nd4 Bd7 15. Bd3 b4 16. Rhe1 Rb8 17. f4 Qb6 18. Nf3 a5 19. Ka1 a4 20. e5 a3 21. Bc4 d5 22. Bb3 (22. exf6 $18 {and White stays clearly on top.} gxf6 23. Bb3 fxg5 24. hxg5) 22... Ng4 $16 {[%emt 0:07:22] [#]} 23. f5 $2 (23. Bxe7 $1 $14 {was the only good move.} Kxe7 24. f5) 23... Bc5 24. Qf4 (24. bxa3 $17 bxa3 (24... exf5 25. Qxd5 Be6 26. Ba4+ Kf8 27. Qd8+ Rxd8 28. Rxd8+ $14) 25. Rb1) 24... axb2+ (24... exf5 25. Rxd5 (25. Bxd5 O-O $11) 25... Be6 26. Rd6 Bxd6 27. Ba4+ (27. exd6 O-O $11) 27... Kf8 28. exd6 $11) (24... O-O $19 {is more deadly. ...axb2+ would now be deadly.} 25. f6 g6) 25. Kb1 $17 O-O (25... exf5 26. Rxd5 Be6 27. Rd6 Bxd6 28. exd6 $16) ({Black should play} 25... Ra8 $1 $17 {Threatens to win with ...0-0.} 26. fxe6 Bxe6 (26... fxe6 27. Rxd5 exd5 28. e6 $14)) 26. f6 $2 (26. Nh2 $1 $15 Nxh2 (26... exf5 27. Nxg4 hxg4 28. Bf6 $11) 27. Bf6) 26... g6 $19 27. Nh2 (27. Kxb2 {was necessary.} Bf2 28. Rf1) 27... Nxh2 $19 28. Qxh2 Qa7 29. g4 $2 (29. Qh3 {was called for.} Ba4 30. Bxa4 Qxa4 31. Qb3) 29... Ra8 $2 (29... hxg4 $2 30. h5 $18 (30. Kxb2 Ba4 $11)) (29... Rb5 $19 30. Rxd5 (30. Kxb2 $2 Ra5 $19) 30... exd5 31. gxh5 Ra5 (31... gxh5 32. Bh6 $16) 32. hxg6 Rxa2 (32... fxg6 $2 33. Bxd5+ Rf7 34. e6 $18) 33. Bxa2 (33. gxf7+ Rxf7 34. Bxa2 b3 35. cxb3 Bf5+) 33... Ra8 34. gxf7+ (34. Bxd5 $2 Qa1#) 34... Kh7 35. f8=N+ (35. Kxb2 Qxa2+ 36. Kc1 Qa1+ 37. Kd2 Qc3+ 38. Kd1 Ra1+ 39. Bc1 Bg4+ 40. Re2 Qd4+ 41. Ke1 Rxc1#) 35... Bxf8 36. Kxb2 Qd4+ (36... Qxa2+ 37. Kc1 Qa1+ 38. Kd2 Qc3+ 39. Ke2 Qxc2+ 40. Bd2 Qe4+ 41. Kf1 Bb5+ 42. Kf2 Bc5+ 43. Kg3 Ra3+ 44. Re3 Rxe3+ 45. Bxe3 Qxe3+ 46. Kg2 Qf2+ 47. Kh3 Bd7+ 48. e6 Bxe6#) 37. Kb1 b3 38. c3 Qxc3 (38... bxa2+ 39. Ka1 Qxc3+ 40. Qb2 Qxe1+ 41. Bc1 Rc8 42. Kxa2 Rxc1 43. Qd4 Qa5+ 44. Qa4 Qxa4+ 45. Kb2 Qc2#) 39. h5 Bf5+ (39... Qxe1+ 40. Bc1 Bf5+ 41. Kb2 Ba3+ 42. Ka1 Qxc1+ 43. Bb1 Qxb1#) 40. Re4 Bxe4+ 41. Qc2 bxc2+ 42. Kc1 Ba3#) 30. gxh5 $17 {[%emt 0:00:51] [#]} (30. Kxb2 Bd4+ (30... hxg4 $2 31. h5 $18) 31. Kb1 Bc3 $17) 30... Ba4 $1 31. Qh3 {[%emt 0:00:23] [#]} (31. Kxb2 Bxb3 32. Kc1 Qa3+ (32... Qxa2 $2 33. Rd3 $19) (32... Bxa2 $2 33. Qg3 $19) 33. Kd2 Bxc2 $19 (33... Qxa2 $2 34. Rc1 $19)) 31... Bd4 $1 (31... gxh5 32. Be3 Rfd8 33. Qg3+ (33. Kxb2 Bxe3 34. Qg3+ Kf8 $18) 33... Kf8 34. Qg7+ (34. Kxb2 Bxb3 35. Qg7+ Ke8 $14) (34. Bxa4 Qxa4 35. Bxc5+ Ke8 $18) 34... Ke8 35. Qg8+ Kd7 36. Qxf7+ Kc8 37. Qxe6+ (37. Qxh5 Bxb3 38. a3 Ba2+ 39. Kxa2 Qxa3+ 40. Kb1 Qa2#) 37... Kb8 38. Bxc5 (38. Rxd5 Rxd5 39. Bxd5 Bxe3 $18) 38... Qxc5 39. Rxd5 (39. Bxd5 $2 Qxc2#) 39... Rxd5 40. Qxd5 $18) (31... Bxb3 32. Qxb3 Qc7 (32... gxh5 33. Bh6 $11) 33. Rd3 $17 (33. Kxb2 $2 Ra3 $19) (33. Qxb2 Ra6 $17) (33. hxg6 Ra3 $17)) 32. Bxa4 $2 (32. hxg6 Bc3 33. Bxd5 (33. gxf7+ $2 Rxf7 34. Bxd5 exd5 $19) 33... exd5 34. gxf7+ Kh8 $19 (34... Rxf7 $2 35. Be3 $19)) (32. Rxd4 $17 Bxb3 33. Qxb3 Qxd4 34. hxg6 fxg6 35. Qxb2) 32... Qxa4 $19 33. Qb3 Bc3 34. hxg6 Qxa2+ 35. Qxa2 Rxa2 36. gxf7+ Kxf7 37. Kxa2 Ra8+ 38. Kb3 Ra3# 0-1

[Event "Mitropa Cup Open 2024"]
[Site "Apolda"]
[Date "2024.02.23"]
[Round "9.16"]
[White "Bochnicka, Vladimir"]
[Black "Gallagher, Joseph G."]
[Result "1-0"]
[ECO "B31"]
[WhiteElo "2398"]
[BlackElo "2427"]
[Annotator "TA"]
[PlyCount "71"]
[EventDate "2024.02.15"]
[EventType "team-tourn"]
[EventCountry "GER"]
[SourceTitle "playchess.com"]
[Source "ChessBase"]
[SourceQuality "1"]
[WhiteTeam "Slovakia"]
[BlackTeam "Switzerland"]
[WhiteTeamCountry "SVK"]
[BlackTeamCountry "SUI"]
[TimeControl "40/5400+30:1800+30"]

1. e4 c5 2. Nf3 Nc6 3. Bb5 g6 4. O-O Bg7 5. Re1 e5 6. Bxc6 dxc6 7. a4 Qc7 8. d3 a5 9. Na3 {[%emt 0:04:31] White has an edge.} Nf6 10. Bd2 O-O 11. Nc4 Re8 12. h3 Nd7 13. Nh2 Nf8 14. Qf3 Ne6 15. c3 (15. Qd1 $11) 15... b5 $15 16. Na3 Rb8 17. Ng4 Nf4 (17... bxa4 $6 18. Nc4 $14) 18. d4 cxd4 (18... bxa4 19. dxe5 (19. dxc5 h5 $17) 19... h5 20. Nf6+ (20. Bxf4 hxg4 21. hxg4 Be6 $11) 20... Bxf6 21. exf6 $16 (21. Bxf4 Bxe5 22. Bxe5 Rxe5 $14)) 19. cxd4 Bxg4 (19... bxa4 20. Nxe5 Ne6 21. Bxa5 $14) 20. hxg4 {[%emt 0:00:56] [#]} Ne6 $1 (20... bxa4 21. Nc4 $14) 21. d5 Nd4 22. Qd3 b4 (22... bxa4 $17 {aiming for ...cxd5.} 23. Bc3 cxd5 24. exd5 Rec8) 23. Nc2 $1 $11 cxd5 24. Nxd4 exd4 25. exd5 Rxe1+ 26. Rxe1 Qd7 (26... h6 $11 {keeps the balance.}) 27. Bf4 $36 {[%emt 0:03:03][%mdl 2048] White has the initiative. White is more active.} Rd8 28. Qb5 {[%emt 0:03:06] [#] White wants to mate with Qxd7.} Qxg4 (28... Bf8 $14) 29. Re8+ $18 (29. Qxa5 Qc8 30. d6 (30. Qxb4 Rxd5 31. Rc1 Qe8 $16) 30... Bf6 $18) 29... Rxe8 30. Qxe8+ {[%emt 0:00:04][%mdl 4096] Endgame. KQB-KQB} Bf8 31. g3 Kg7 {[%emt 0:12:38] Inhibits Bh6+.} 32. d6 Bxd6 33. Bxd6 d3 34. Be5+ (34. Bf8+ $142 Kf6 35. Qe7+ (35. Qd8+ Kf5 $18) 35... Kf5 36. Qxf7+ Ke5 37. Qc7+ (37. Qxh7 Qe2 $18) 37... Kd5 38. Qc5+ (38. Qxa5+ Ke6 $18) 38... Ke6 39. Qd6+ (39. Qxa5 d2 $16) (39. Qc8+ Kf7 $18) 39... Kf5 40. Qd7+ (40. Qxd3+ Kf6 $18) 40... Kg5 41. f4+ (41. Qxd3 Qe6 $18) 41... Qxf4 42. Be7+ (42. gxf4+ Kxf4 43. Bh6+ g5 44. Qd5 d2 45. Bxg5+ Kg4 46. Bxd2 h6 47. Qe4+ Kh3 48. Qf5+ Kh4 49. Be1#) 42... Qf6 43. Qd5+ (43. Bxf6+ Kxf6 44. Qxd3 h5 $18) 43... Kg4 44. Bxf6) 34... Kh6 35. Qxf7 {[%emt 0:00:33] Threatening mate with f3.} d2 36. Qf4+ {[%emt 0:00:09] Weighted Error Value: White=0.09 (flawless) /Black=0.46.  Loses game:     	---       	Black=1      Mistake:       	White=1     	Black=2      Inaccurate:     	White=1     	Black=1      OK:         	White=8     	Black=12     Best:        	White=3     	Black=1      Strong:       	White=1     	Black=1} (36. Qg7+ $142 Kg5 37. Bf6+ (37. Qxh7 $2 {too greedy.} d1=Q+ 38. Kh2 Kf5 $19) 37... Kf5 38. Qd7+ Kxf6 39. Qxg4 g5 40. Qd4+ Kg6 41. Qxd2) 1-0

[Event "Mitropa Cup Open 2024"]
[Site "Apolda"]
[Date "2024.02.23"]
[Round "9.17"]
[White "Vykouk, Jan"]
[Black "Svane, Rasmus"]
[Result "1/2-1/2"]
[ECO "B13"]
[WhiteElo "2493"]
[BlackElo "2637"]
[Annotator "TA"]
[PlyCount "61"]
[EventDate "2024.02.15"]
[EventType "team-tourn"]
[EventCountry "GER"]
[SourceTitle "playchess.com"]
[Source "ChessBase"]
[SourceQuality "1"]
[WhiteTeam "Czech Republic"]
[BlackTeam "Germany"]
[WhiteTeamCountry "CZE"]
[BlackTeamCountry "GER"]
[TimeControl "40/5400+30:1800+30"]

1. e4 c6 2. d4 d5 3. exd5 cxd5 4. Bd3 Nc6 5. c3 Qc7 6. h3 e6 7. Nf3 Bd6 8. O-O Nge7 {[%emt 0:00:07] White has an edge.} 9. Re1 O-O {[%emt 0:00:42] [#]} 10. b3 $2 (10. Bxh7+ $1 $18 Kxh7 11. Ng5+ Kg6 (11... Kg8 $2 12. Qh5 $18) 12. Na3) 10... Rd8 $11 11. Bb2 Ng6 12. c4 Be7 13. Nc3 Bf6 14. cxd5 exd5 15. Rc1 Nf4 16. Bb1 Ne6 {[%emt 0:03:19] [#]} (16... g6 $11) 17. Na4 (17. Ne5 $1 $16) 17... Qf4 18. g3 Qd6 (18... Qh6 $5) 19. h4 g6 20. a3 (20. Nc5 $11) 20... b6 $15 21. b4 Bd7 (21... Ba6 {with more complications.} 22. Kg2 Rac8 23. h5 Bb5) 22. Bc2 Re8 23. Bb3 Bg7 24. Qd2 Nc7 25. Ne5 Ne6 26. f4 Rac8 27. Rcd1 h5 28. Qg2 Ne7 29. Nc3 Bc6 30. Kh2 (30. Nxc6 $5 Qxc6 31. Ba4 $11 (31. Nxd5 Nf5 $11) (31. Bxd5 Nxd5 32. Nxd5 Qd7 $11)) 30... Red8 31. Rd2 {[%emt 0:01:34] Weighted Error Value: White=0.19 (very precise) /Black=0.11 (very precise) .  Missed win:     	White=1     	---        Mistake:       	White=2     	Black=1      Inaccurate:     	White=1     	Black=1      OK:         	White=9     	Black=15} 1/2-1/2

[Event "Mitropa Cup Open 2024"]
[Site "Apolda"]
[Date "2024.02.23"]
[Round "9.18"]
[White "Donchenko, Alexander"]
[Black "Stalmach, Richard"]
[Result "0-1"]
[ECO "A07"]
[WhiteElo "2643"]
[BlackElo "2433"]
[Annotator "RC"]
[PlyCount "82"]
[EventDate "2024.02.15"]
[EventType "team-tourn"]
[EventCountry "GER"]
[SourceTitle "playchess.com"]
[Source "ChessBase"]
[SourceQuality "1"]
[WhiteTeam "Germany"]
[BlackTeam "Czech Republic"]
[WhiteTeamCountry "GER"]
[BlackTeamCountry "CZE"]
[TimeControl "40/5400+30:1800+30"]

1. Nf3 Nf6 2. g3 d5 3. Bg2 g6 4. c4 d4 5. b4 Bg7 6. Bb2 c5 7. O-O O-O 8. d3 Nfd7 9. Nbd2 Nc6 10. b5 Nce5 11. Ne1 Qc7 12. Qb3 Ng4 13. Nc2 h5 14. h3 Nh6 15. Nf3 e5 16. Rae1 a5 17. e3 Rb8 18. exd4 cxd4 19. b6 Nxb6 20. Nxe5 Bxe5 21. Rxe5 Qxe5 22. Qxb6 Nf5 23. Re1 Qd6 24. Qxa5 Be6 25. Ba3 Qd8 26. Qc5 Re8 27. Bb2 b6 28. Qb4 Qd7 29. a4 Red8 30. Qb5 Qc7 31. Qb3 Rd7 32. Re4 Nxg3 33. fxg3 Qxg3 34. Ne1 Bxh3 35. Bc1 f5 36. Re2 Bg4 37. Re6 f4 38. c5 Kh7 39. c6 f3 40. cxd7 f2+ 41. Kh1 Qh4+ 0-1